 Dungeon Crawl Stone Soup version 0.19.5 (webtiles) character file.

3406 snowfan the Destroyer (level 9, -3/45 HPs)
             Began as a Deep Elf Conjurer on Apr 13, 2017.
             Was a Follower of Vehumet.
             Killed from afar by Maurice (28 damage)
             ... with a wand of lightning
             ... on level 8 of the Dungeon on Apr 16, 2017.
             The game lasted 00:34:38 (7927 turns).

snowfan the Destroyer (Deep Elf Conjurer)           Turns: 7927, Time: 00:34:38

Health: -3/45      AC:  7    Str:  5    XL:     9   Next: 75%
Magic:  1/23       EV: 18    Int: 24    God:    Vehumet [*.....]
Gold:   307        SH:  0    Dex: 15    Spells: 3 memorised, 17 levels left

rFire  . . .     SeeInvis .     n - +2 whip (venom)
rCold  . . .     Gourm    .     t - +0 robe
rNeg   . . .     Faith    .     (no shield)
rPois  +         Spirit   .     (helmet restricted)
rElec  .         Reflect  .     s - +0 cloak
rCorr  .         Harm     .     u - +0 pair of gloves
MR     .....                    h - +0 pair of boots
Stlth  ++........               (no amulet)
                                (no ring)
                                m - ring of poison resistance

@: no status effects
A: antennae 1, icy blue scales 1
a: Renounce Religion


You were on level 8 of the Dungeon.
You worshipped Vehumet.
Vehumet was aware of your devotion.
You were not hungry.

You visited 2 branches of the dungeon, and saw 9 of its levels.
You also visited: Sewer.

You collected 307 gold pieces.

Inventory:

Hand Weapons
 n - a +2 whip of venom (weapon)
Armour
 h - a +0 pair of boots (worn)
 s - a +0 cloak (worn)
 t - a +0 robe (worn)
 u - a +0 pair of gloves (worn)
Jewellery
 i - an uncursed ring of fire
 m - a ring of poison resistance (left hand)
Scrolls
 a - 2 scrolls of noise {unknown}
 e - 5 scrolls of remove curse {unknown}
 f - a scroll of summoning {unknown}
 j - 6 scrolls of identify {unknown}
 l - 2 scrolls of teleportation {unknown}
 o - a scroll of fog {unknown}
 p - 3 scrolls of enchant weapon {unknown}
 q - a scroll of immolation {unknown}
 r - 2 scrolls of recharging {unknown}
 y - a scroll of random uselessness {unknown}
Potions
 d - 3 potions of curing
 g - 2 potions of heal wounds
 k - a potion of ambrosia
 v - a potion of magic
 w - a potion of flight
 z - a potion of might {unknown}
Books
 b - a book of Conjurations

   Spells                             Type                      Level
   a - Magic Dart                     Conjuration                  1
   b - Searing Ray                    Conjuration                  2
   c - Dazzling Spray                 Conjuration/Hexes            3
   d - Fulminant Prism                Conjuration/Hexes            4
   e - Iskenderun's Mystic Blast      Conjuration                  4
   f - Iskenderun's Battlesphere      Conjuration/Charms           5
Comestibles
 c - 5 bread rations
 x - 2 meat rations


   Skills:
 + Level 8.8 Dodging
 - Level 2.4 Stealth
 - Level 8.7 Spellcasting
 - Level 11.8 Conjurations


You had 17 spell levels left.
You knew the following spells:

 Your Spells              Type           Power        Failure   Level  Hunger
a - Magic Dart            Conj           ####         1%          1    None
c - Iskenderun's Mystic   Conj           ######..     1%          4    ##.....
d - Dazzling Spray        Conj/Hex       #####.       1%          3    None


Dungeon Overview and Level Annotations

Branches:
Dungeon (8/15)             Temple (1/1) D:5
   Lair: D:8-11

Altars:
Ashenzari
Dithmenos
Elyvilon
Fedhas
Gozag
Hepliaklqana
Kikubaaqudgha
Makhleb
Nemelex Xobeh
Okawaru
Qazlal
Ru
Sif Muna
Trog
Uskayaw
Vehumet
Xom
Zin
The Shining One

Shops:
D:5 [   D:7 [

Annotations:
D:7 1 runed door
D:8 Maurice


Innate Abilities, Weirdness & Mutations

You have a pair of small antennae on your head.
You are partially covered in icy blue scales. (AC +2)


Message History

Erica is almost dead.
Erica barely misses you.
Casting: Iskenderun's Mystic Blast
Confirm with . or Enter, or press ? or * to list all spells.
You don't have enough magic to cast that spell.
Casting: Iskenderun's Mystic Blast
Confirm with . or Enter, or press ? or * to list all spells.
Aiming: Magic Dart
Press: ? - help, Shift-Dir - straight line, f/p - Erica
Aim: Erica, wielding a scimitar of flaming and wearing a robe (almost dead, poisoned)
The magic dart hits Erica.
You kill Erica!
Vehumet accepts your kill.
You feel your intelligence returning.
Your Dodging skill gained 2 levels and is now at level 8!
A scorpion and Maurice come into view.
Maurice shouts!
Maurice zaps a wand.
The bolt of lightning hits you!
Ouch! That really hurt!
You die...

############
#..........# #########
#.[........# #.......#
#..........# #.......#
#..........# #<......#
#......<...# #.......#
#..........####..[....#
#.........))...........
...........####@..####
#..$.......# #..###
...........# #@.#
#####.###### ...# #..
...## #.# #..# # ..#
s..


You could see Maurice and a scorpion.

Vanquished Creatures
  Erica (D:8)
  Pikel (D:7)
  Sigmund (D:3)
  Menkaure (D:4)
  A slave (D:7)
  3 sky beasts (D:6)
  3 ice beasts
  3 phantoms
  An ogre (D:6)
  2 centaurs
  A big kobold (Sewer)
  3 crimson imps
  A quasit (D:7)
  2 centaur skeletons
  3 orc priests
  A bullfrog skeleton (D:5)
  A hound (D:6)
  2 orc wizards
  An iguana (D:8)
  6 worker ants
  A hound zombie (D:7)
  2 hound skeletons
  11 adders
  7 gnolls
  4 river rats
  3 oozes
  A worm (D:2)
  A dart slug (D:2)
  2 leopard geckos
  15 orcs
  7 giant cockroaches
  2 goblins
  9 hobgoblins
  5 jackals
  4 quokkas
  2 ball pythons (D:4)
  10 bats
  8 frilled lizards
  10 kobolds
  A quokka skeleton (D:6)
  9 rats
152 creatures vanquished.

Vanquished Creatures (others)
  2 slaves (D:7)
  A bullfrog (D:7)
  An orc wizard (D:7)
4 creatures vanquished.

Grand Total: 156 creatures vanquished

Notes
Turn   | Place    | Note
-------+----------+-------------------------------------------
     0 | D:1      | snowfan the Deep Elf Conjurer began the quest for the Orb.
     0 | D:1      | Reached XP level 1. HP: 10/10 MP: 6/6
   271 | D:1      | Reached XP level 2. HP: 15/15 MP: 4/8
   305 | D:1      | Reached skill level 5 in Conjurations
   988 | D:2      | Found an opulent altar of Gozag.
   993 | D:2      | Reached XP level 3. HP: 19/19 MP: 7/9
  1184 | D:2      | Found a faded altar of an unknown god.
  1322 | D:2      | Learned a level 3 spell: Dazzling Spray
  1410 | D:2      | Reached skill level 6 in Conjurations
  1592 | D:2      | Reached XP level 4. HP: 24/24 MP: 6/10
  2404 | D:3      | Reached XP level 5. HP: 28/28 MP: 5/11
  2409 | D:3      | Noticed Sigmund
  2479 | D:3      | Learned a level 4 spell: Iskenderun's Mystic Blast
  2492 | D:3      | Killed Sigmund
  2492 | D:3      | Reached skill level 8 in Conjurations
  2492 | D:3      | Reached XP level 6. HP: 29/32 MP: 0/12
  3121 | D:3      | Found a glowing silver altar of Zin.
  3275 | D:3      | Found a burning altar of Makhleb.
  3332 | D:4      | Noticed Menkaure
  3338 | D:4      | Killed Menkaure
  3338 | D:4      | Reached skill level 9 in Conjurations
  3627 | D:4      | Reached XP level 7. HP: 36/36 MP: 2/13
  3681 | D:4      | Found a glowing drain.
  3703 | Sewer    | Entered a sewer
  4070 | Sewer    | Found a white marble altar of Elyvilon.
  4584 | D:4      | Reached skill level 10 in Conjurations
  4857 | D:4      | You fall through a shaft for 2 floors!
  4877 | D:5      | Entered Level 5 of the Dungeon
  5097 | D:5      | Reached XP level 8. HP: 41/41 MP: 3/17
  5208 | D:5      | Reached skill level 5 in Spellcasting
  5707 | D:5      | Found a staircase to the Ecumenical Temple.
  5717 | Temple   | Entered the Ecumenical Temple
  5963 | Temple   | Became a worshipper of Sif Muna the Loreminder
  5987 | D:5      | Found a radiant altar of Vehumet.
  6018 | D:5      | Fell from the grace of Sif Muna
  6018 | D:5      | Became a worshipper of Vehumet
  6057 | D:5      | Found Faehiqer's Antique Armour Shop.
  6079 | D:5      | Reached skill level 11 in Conjurations
  6127 | D:5      | Found an opulent altar of Gozag.
  6999 | D:6      | Reached XP level 9. HP: 45/45 MP: 10/23
  7044 | D:6      | Gained mutation: You have a pair of small antennae on your head. [mutagenic meat]
  7045 | D:6      | Gained mutation: You are partially covered in icy blue scales. (AC +2) [mutagenic meat]
  7390 | D:7      | Noticed Pikel
  7399 | D:7      | Killed Pikel
  7399 | D:7      | Reached skill level 5 in Dodging
  7430 | D:7      | Found a sacrificial altar of Ru.
  7601 | D:7      | Found Feuquet's Armour Shoppe.
  7608 | D:7      | Reached * piety under Vehumet
  7608 | D:7      | Offered knowledge of Sandblast by Vehumet.
  7652 | D:7      | Found a runed door.
  7851 | D:7      | Found a shattered altar of Ashenzari.
  7917 | D:8      | Noticed Erica
  7926 | D:8      | Killed Erica
  7927 | D:8      | Noticed Maurice
  7927 | D:8      | Killed from afar by Maurice

Skill      XL: |  1  2  3  4  5  6  7  8  9 |
---------------+----------------------------+-----
Conjurations   | 5 6 8 9 10 11 | 11.8
Spellcasting   | 4 8 |  8.7
Dodging        | 8 |  8.8
Stealth        | |  2.4

Action                   |  1- 3 |  4- 6 |  7- 9 || total
-------------------------+-------+-------+-------++-------
Melee: Unarmed           |     7 |       |       ||     7
       Whip              |       |       |    42 ||    42
 Cast: Magic Dart        |    72 |   101 |   153 ||   326
       Iskenderun's Myst |       |     3 |    52 ||    55
       Dazzling Spray    |       |     2 |     5 ||     7
  Use: Potion            |       |       |    10 ||    10
 Stab: Sleeping          |       |       |     2 ||     2
  Eat: Chunk             |     2 |     7 |    14 ||    23
       Bread ration      |       |       |     1 ||     1
       Pizza             |       |       |     1 ||     1
Armor: Robe              |     3 |     1 |    11 ||    15
Dodge: Dodged            |     4 |    13 |    66 ||    83
